 Dungeon Crawl Stone Soup version 0.24.0-37-gcf1ca852f1 (webtiles) character file.

Game seed: 11089597274428399940, levelgen mode: deterministic

12819 Rediskos the Thaumaturge (level 11, -1/66 HPs)
             Began as a Deep Elf Summoner on Nov 23, 2019.
             Was a High Priest of Sif Muna.
             Killed from afar by an electric eel (12 damage)
             ... with a bolt of electricity
             ... on level 2 of the Lair of Beasts.
             The game lasted 01:24:46 (17213 turns).

Rediskos the Thaumaturge (Deep Elf Summoner)       Turns: 17213, Time: 01:24:47

Health: -1/66      AC: 12    Str:  5    XL:     11   Next: 67%
Magic:  0/28       EV: 19    Int: 24    God:    Sif Muna [*****.]
Gold:   850        SH:  0    Dex: 20    Spells: 4/32 levels left

rFire    . . .     SeeInvis .   a - staff of summoning
rCold    . . .     Gourm    .   (no shield)
rNeg     . . .     Faith    .   J - +0 troll leather armour
rPois    .         Spirit   +   (no helmet)
rElec    .         Reflect  .   o - +1 cloak
rCorr    .         Harm     .   (no gloves)
MR       +....                  w - +0 pair of boots
Stlth    ++........             j - amulet of guardian spirit
HPRegen  0.61/turn              i - +5 ring of protection
MPRegen  0.21/turn              F - +5 ring of dexterity

@: no status effects
A: no striking features
a: Channel Magic, Forget Spell, Divine Exegesis, Renounce Religion


You were on level 2 of the Lair of Beasts.
You worshipped Sif Muna.
Sif Muna was extremely pleased with you.
You were not hungry.

You visited 3 branches of the dungeon, and saw 14 of its levels.
You also visited: Ice Cave.

You collected 850 gold pieces.

Inventory:

Hand Weapons
 b - a +4 demon trident of draining
 e - a +0 whip
 z - a +1 quick blade of freezing
 I - the +7 Singing Sword {slice, sonic wave}
   (You found it on level 6 of the Dungeon)

   It inflicts extra damage upon your enemies.
 L - a +0 spear
 Q - a +1 short sword
 U - a +0 scimitar of holy wrath
 V - a +2 dagger of electrocution
Missiles
 A - 2 throwing nets (quivered)
Armour
 o - a +1 cloak (worn)
 p - a +0 robe
 w - a +0 pair of boots (worn)
 x - a +0 leather armour
 J - a +0 troll leather armour (worn)
 S - a +0 robe of resistance
Magical Staves
 a - an uncursed staff of summoning (weapon)
Jewellery
 d - an uncursed amulet of magic regeneration
 i - a +5 ring of protection (left hand)
 j - an amulet of guardian spirit (around neck)
 n - an uncursed ring of protection from fire
 C - an uncursed ring of fire
 F - a +5 ring of dexterity (right hand)
 N - an uncursed ring of flight
 O - an uncursed ring of protection from fire
 T - an uncursed amulet of faith
Wands
 D - a wand of paralysis (21)
 K - a wand of disintegration (7)
 P - a wand of flame (13)
 W - a wand of scattershot (7)
 Z - a wand of clouds (3)
Scrolls
 g - 2 scrolls of fear
 k - 7 scrolls of remove curse
 r - 3 scrolls of enchant weapon
 t - 4 scrolls of teleportation
 y - 5 scrolls of amnesia
 G - a scroll of blinking
 R - 2 scrolls of enchant armour
Potions
 f - 5 potions of brilliance
 h - 2 potions of invisibility
 l - 4 potions of heal wounds
 m - 2 potions of degeneration
 q - 3 potions of agility
 s - a potion of magic
 u - 4 potions of might {unknown}
 v - 6 potions of haste
 B - a potion of resistance {unknown}
 E - 6 potions of curing
 H - a potion of mutation {unknown}
 M - a potion of berserk rage {unknown}
 Y - a potion of flight {unknown}
Comestibles
 c - 18 rations


   Skills:
 + Level 6.7 Fighting
 + Level 10.0 Dodging
 - Level 2.4 Stealth
 + Level 11.0 Spellcasting
 + Level 10.1 Summonings
 - Level 6.1 Ice Magic
 - Level 4.0 Air Magic
 + Level 7.0 Invocations


You had 4 spell levels left.
You knew the following spells:

 Your Spells              Type           Power        Failure   Level  Hunger
a - Summon Butterflies    Summ           #######.     1%          1    None
b - Call Canine Familiar  Summ           #######.     1%          3    None
c - Summon Ice Beast      Ice/Summ       ######..     2%          4    None
d - Summon Lightning Spi  Summ/Air       ######..     4%          4    None
e - Summon Guardian Gole  Hex/Summ       ######..     3%          3    None
f - Call Imp              Summ           #######.     1%          2    None
q - Aura of Abjuration    Summ           #######...   3%          5    ####...
s - Shadow Creatures      Summ           N/A          19%         6    #####..

Your spell library contained the following spells:

 Spells                   Type           Power        Failure   Level  Hunger
 Freeze                   Ice            ####         1%          1    None
 Summon Small Mammal      Summ           ####         1%          1    None
 Shock                    Conj/Air       ###.         3%          1    None
 Throw Frost              Conj/Ice       ####..       3%          2    None
 Swiftness                Chrm/Air       ###.....     5%          2    None
 Ozocubu's Armour         Chrm/Ice       ####....     7%          3    None
 Beastly Appendage        Tmut           ##....       8%          1    None
 Sticks to Snakes         Tmut           ##......     12%         2    None
 Ice Form                 Ice/Tmut       ####....     22%         4    None
 Throw Icicle             Conj/Ice       ####....     22%         4    None
 Conjure Flame            Conj/Fire      ##......     24%         3    None
 Spider Form              Tmut/Pois      ##........   24%         3    None
 Force Lance              Conj/Tloc      ##......     61%         4    None
 Fulminant Prism          Conj/Hex       ##........   61%         4    None
 Sticky Flame             Conj/Fire      ##......     61%         4    None
 Monstrous Menagerie      Summ           #######...   71%         7    #######
 Blade Hands              Tmut           ##........   91%         5    ####...
 Bolt of Magma            Conj/Fire/Erth ##........   91%         5    ####...
 Iskenderun's Battlesphe  Conj/Chrm      ##......     91%         5    ####...
 Invisibility             Hex            ##......     100%        6    #####..
 Poison Arrow             Conj/Pois      ##........   100%        6    #####..


Dungeon Overview and Level Annotations

Branches:
Dungeon (11/15)            Temple (1/1) D:4            Lair (2/6) D:11
    Orc (0/2) D:11          IceCv (visited)
  Swamp: Lair:2-4    Shoals: Lair:2-4     Snake: Lair:2-4    Spider: Lair:2-4

Altars:
Ashenzari
Cheibriados
Dithmenos
Elyvilon
Fedhas
Gozag
Hepliaklqana
Kikubaaqudgha
Makhleb
Nemelex Xobeh
Okawaru
Qazlal
Ru
Sif Muna
Trog
Uskayaw
Vehumet
Wu Jian
Xom
Yredelemnul
Zin
The Shining One
Beogh

Shops:
D:9 (   D:10 :

Annotations:
D:11 2 transporters, Xaxieg's ghost, journeyman GnSk


Message History

You see here an iguana corpse.
The crocodile barely misses your ice beast.
You hit the crocodile but do no damage. The crocodile bites your ice beast!
Your ice beast dies!
The electric eel shoots out a bolt of lightning at you!
The bolt of electricity hits your ice beast!
The bolt of electricity hits you! The bolt of electricity misses you.
You hit the crocodile but do no damage.
The electric eel shoots out a bolt of lightning at you!
The bolt of electricity hits your ice beast!
The bolt of electricity hits you! The bolt of electricity hits you.
The crocodile bites you!
You hit the crocodile but do no damage. The crocodile bites you!
* * * LOW HITPOINT WARNING * * *
A crocodile comes into view.
The crocodile closely misses you.
The electric eel shoots out a bolt of lightning at you!
The bolt of electricity hits your ice beast!
The bolt of electricity hits you!
You die...

.###....P####.# ####≈≈#
..##..#..# ##.#####≈≈#≈#
############......≈≈≈≈≈##..
.##.## ##..÷≈≈≈≈≈≈≈≈≈≈≈...
...#.####....≈≈####≈#≈≈...
#....##...÷..≈###..≈# ≈##.
.............≈# #.#.#
P............≈###t###
......#.##...###@t#
......#####..# ##.#
.......####..# #.†.
........##.#.# ##[†#
.........###.# ##Yt
.........##### #;≈
..........# ≈≈≈ .........##
≈# .........#


You could see 3 crocodiles, an electric eel and a friendly ice beast.

Vanquished Creatures
  2 crimson imps
  A centaur zombie (D:8)
  A hound (D:7)
  An iguana (D:10)
  An adder skeleton (D:9)
  A dart slug (D:2)
  A leopard gecko (D:2)
  2 bats
  A goblin (D:2)
  A hobgoblin (D:2)
  2 quokkas (D:2)
  A ball python (D:1)
  A rat (D:1)
16 creatures vanquished.

Vanquished Creatures (collateral kills)
  A hydra (Lair:1)
  2 two-headed ogres
  2 unseen horrors
  An orc knight (D:10)
  3 ugly things
  An orc sorcerer (D:10)
  A manticore (D:11)
  2 ice statues (IceCv)
  A black mamba (Lair:2)
  A spiny frog (Lair:2)
  A gargoyle (D:11)
  10 ice devils (IceCv)
  4 komodo dragons
  2 trolls
  9 blink frogs
  3 hippogriffs
  A shadow (D:11)
  A spriggan (D:8)
  A wyvern (D:10)
  14 yaks
  A hungry ghost (D:8)
  18 wargs (D:10)
  A water moccasin (D:11)
  13 orc warriors
  4 porcupines
  4 black bears
  An eye of draining (D:10)
  4 sky beasts
  2 phantoms
  An ice beast (D:8)
  5 ogres
  9 crocodiles
  7 centaurs
  2 big kobolds
  6 bullfrogs
  A wyvern zombie (D:11)
  2 gnoll sergeants (D:9)
  5 scorpions
  4 killer bees (D:10)
  An electric eel (Lair:1)
  9 howler monkeys
  7 crimson imps
  A centaur zombie (D:6)
  4 hounds
  A jelly (D:7)
  6 orc priests
  3 centaur skeletons
  4 iguanas
  4 worker ants
  3 orc wizards
  A killer bee zombie (D:7)
  A hound zombie (D:5)
  A hound skeleton (D:10)
  A howler monkey zombie (D:5)
  A worker ant zombie (D:10)
  14 gnolls
  8 adders
  2 shadow imps
  23 white imps
  5 ufetubi (IceCv)
  An ooze (D:2)
  An adder skeleton (D:4)
  3 dart slugs
  5 leopard geckos
  60 orcs
  3 giant cockroaches
  10 goblins
  2 hobgoblins
  3 jackals (D:10)
  19 kobolds
  5 quokkas
  6 bats
  6 frilled lizards
  A jackal skeleton (D:8)
  A leopard gecko zombie (D:9)
  5 rats
  A fungus (Lair:1)
  3 plants
386 creatures vanquished.

Vanquished Creatures (others)
  A reaper (IceCv)
  3 white imps (IceCv)
  2 ufetubi (IceCv)
  A frilled lizard (Lair:2)
  A fungus (Lair:2)
  3 plants
11 creatures vanquished.

Grand Total: 413 creatures vanquished

Notes
Turn   | Place    | Note
-------+----------+-------------------------------------------
     0 | D:1      | Rediskos the Deep Elf Summoner began the quest for the Orb.
     0 | D:1      | Reached XP level 1. HP: 10/10 MP: 6/6
   460 | D:1      | Reached XP level 2. HP: 16/16 MP: 4/8
   495 | D:1      | Learned a level 2 spell: Call Imp
  1553 | D:2      | Reached XP level 3. HP: 20/20 MP: 5/10
  1602 | D:2      | Learned a level 3 spell: Call Canine Familiar
  1671 | D:2      | Reached skill level 1 in Fighting
  2702 | D:3      | Found a faded altar of an unknown god.
  3255 | D:4      | Found a staircase to the Ecumenical Temple.
  3260 | D:4      | Noticed an ogre
  3309 | D:4      | Killed an ogre
  3309 | D:4      | Reached skill level 4 in Spellcasting
  3309 | D:4      | Reached skill level 5 in Summonings
  3309 | D:4      | Reached XP level 4. HP: 25/25 MP: 3/12
  3326 | Temple   | Entered the Ecumenical Temple
  3367 | Temple   | Learned a level 4 spell: Summon Ice Beast
  3555 | Temple   | Became a worshipper of Sif Muna the Loreminder
  3910 | D:4      | Found a basalt altar of Yredelemnul.
  4357 | D:4      | Noticed a yak
  4362 | D:4      | Noticed a yak
  4368 | D:4      | Noticed a yak
  4371 | D:4      | Reached skill level 1 in Ice Magic
  4371 | D:4      | Reached XP level 5. HP: 26/29 MP: 9/13
  4373 | D:4      | Noticed a yak
  4385 | D:4      | Killed a yak
  4535 | D:4      | Killed a yak
  4535 | D:4      | Reached XP level 6. HP: 26/35 MP: 7/15
  4770 | D:4      | Killed a yak
  4941 | D:5      | Entered Level 5 of the Dungeon
  5006 | D:5      | Reached skill level 5 in Spellcasting
  5008 | D:5      | Reached * piety under Sif Muna
  5240 | D:5      | Reached XP level 7. HP: 24/40 MP: 9/16
  5685 | D:6      | Learned a level 4 spell: Summon Lightning Spire
  6396 | D:6      | Found the +7 Singing Sword {slice, sonic wave}
  6698 | D:6      | Reached skill level 5 in Dodging
  7058 | D:7      | Reached skill level 5 in Ice Magic
  7058 | D:7      | Reached XP level 8. HP: 44/46 MP: 16/18
  7102 | D:7      | Reached skill level 6 in Spellcasting
  7517 | D:7      | Reached ** piety under Sif Muna
  7767 | D:8      | Noticed a brown ugly thing
  8026 | D:8      | Reached skill level 1 in Air Magic
  8619 | D:8      | Killed a brown ugly thing
  8619 | D:8      | Reached skill level 7 in Spellcasting
  9031 | D:9      | Reached XP level 9. HP: 41/52 MP: 14/21
  9150 | D:9      | Noticed a troll
  9167 | D:9      | Killed a troll
  9285 | D:9      | Found Jouruok's Antique Weapon Boutique.
  9285 | D:9      | Noticed a two-headed ogre
  9300 | D:9      | Killed a two-headed ogre
  9300 | D:9      | Reached skill level 1 in Invocations
  9606 | D:9      | Reached *** piety under Sif Muna
  9976 | D:10     | Entered Level 10 of the Dungeon
 10132 | D:10     | Reached skill level 8 in Spellcasting
 10483 | D:10     | Killed an unseen horror
 10576 | D:10     | Found Utuud's Book Emporium.
 10769 | D:10     | Reached **** piety under Sif Muna
 10769 | D:10     | Reached XP level 10. HP: 58/58 MP: 13/24
 10985 | D:10     | Reached skill level 5 in Fighting
 11199 | D:10     | Noticed an orc knight
 11201 | D:10     | Noticed an orc sorcerer
 11206 | D:10     | Killed an orc knight
 11209 | D:10     | Noticed a smoke demon
 11217 | D:10     | Killed an orc sorcerer
 11217 | D:10     | Reached skill level 9 in Spellcasting
 12187 | D:11     | Noticed a manticore
 12215 | D:11     | Killed a manticore
 12270 | D:11     | Found a staircase to the Orcish Mines.
 12272 | D:11     | Noticed a two-headed ogre
 12283 | D:11     | Killed a two-headed ogre
 12312 | D:11     | Killed an unseen horror
 12312 | D:11     | Reached skill level 5 in Invocations
 12329 | D:11     | Found a roughly hewn altar of Beogh.
 12344 | D:11     | Reached ***** piety under Sif Muna
 12354 | D:11     | Identified Sif Muna's Incunabulum of Attacks and
                  | Enchantment (Sif Muna gifted it to you on level 11 of the
                  | Dungeon)
 12354 | D:11     | Received a gift from Sif Muna
 12389 | D:11     | Noticed a white ugly thing
 12398 | D:11     | Killed a white ugly thing
 12441 | D:11     | Noticed a brown ugly thing
 12453 | D:11     | Killed a brown ugly thing
 12546 | D:11     | Found a transporter.
 12561 | D:11     | Found a transporter.
 12561 | D:11     | Noticed Xaxieg's ghost (journeyman GnSk)
 12599 | D:11     | Noticed a skeletal warrior
 12671 | D:11     | Noticed a gargoyle
 12680 | D:11     | Killed a gargoyle
 12723 | D:11     | Reached skill level 10 in Spellcasting
 12723 | D:11     | Reached XP level 11. HP: 61/64 MP: 12/27
 12846 | D:11     | Found a shattered altar of Ashenzari.
 12925 | D:11     | Found a staircase to the Lair.
 13118 | Lair:1   | Entered Level 1 of the Lair of Beasts
 13286 | Lair:1   | Found a frozen archway.
 13349 | IceCv    | Entered an ice cave
 13363 | IceCv    | Learned a level 3 spell: Summon Guardian Golem
 13636 | IceCv    | Killed a reaper
 14534 | IceCv    | Identified Sif Muna's Incunabulum of Creative Attacks (Sif
                  | Muna gifted it to you in an ice cave)
 14534 | IceCv    | Received a gift from Sif Muna
 14540 | IceCv    | Learned a level 1 spell: Summon Butterflies
 14546 | IceCv    | Learned a level 5 spell: Aura of Abjuration
 14553 | IceCv    | Learned a level 6 spell: Shadow Creatures
 14798 | IceCv    | Identified a scroll of acquirement
 15622 | IceCv    | Identified the Collected Works on Freezing Feathers
 16096 | Lair:1   | Noticed a six-headed hydra
 16102 | Lair:1   | Killed a six-headed hydra
 16683 | Lair:2   | Noticed a seven-headed hydra
 16801 | Lair:2   | Reached skill level 10 in Summonings
 17194 | Lair:2   | Reached skill level 10 in Dodging
 17194 | Lair:2   | Reached skill level 11 in Spellcasting
 17213 | Lair:2   | Killed from afar by an electric eel

Levels and vault maps discovered:
D:1:      minmay_arrival_arboretum_small, layout_loops_ring
D:2:      layout_basic, minmay_unequal
D:3:      layout_loops_ring, chequers_ecumenical_altar_island, first_ration,
          minmay_misc_feat_columns
D:4:      layout_basic, overflow_temple_1_default, minmay_temple_entry_arrows
D:5:      layout_cave_pools
D:6:      layout_basic
D:7:      layout_loops_ring
D:8:      layout_basic, the_bakery
D:9:      layout_loops_ring, serial_shops, nicolae_shop_trees
D:10:     lemuel_castle_with_subvaults [lemuel_castle_interior_carwin_2],
          layout_stronghold, serial_shops, shop
D:11:     layout_rooms, david_lair_shrubbed, minmay_orc_entry_temple_small,
          gammafunk_ghost_mausoleum, evilmike_ruin_ashenzari
Temple:   dpeg_three_leaves_temple
Lair:1:   layout_misc_corridors, portal_ice_cave_entry_imps, serial_bayou_ford_a
Lair:2:   lemuel_reptile_caves, layout_cave_pods, guppyfry_snake_entry_island,
          gammafunk_ghost_split

Skill      XL: |  1  2  3  4  5  6  7  8  9 10 11 |
---------------+----------------------------------+-----
Dodging        | 3 4 5 6 7 8 10 | 10.0
Fighting       | 1 2 3 4 5 6 |  6.7
Spellcasting   | 4 5 7 8 10 11 | 11.0
Summonings     | 5 6 7 8 9 10 | 10.1
Ice Magic      | 1 2 3 5 6 |  6.1
Air Magic      | 2 3 4 |  4.0
Invocations    | 3 5 7 |  7.0
Stealth        | |  2.4

Action                   |  1- 3 |  4- 6 |  7- 9 | 10-12 || total
-------------------------+-------+-------+-------+-------++-------
Melee: Whip              |    31 |       |       |       ||    31
       Short sword       |     4 |    13 |    20 |       ||    37
       Spear             |       |       |    74 |    19 ||    93
       Staff             |       |       |     2 |    36 ||    38
 Cast: Summon Small Mamm |    15 |       |       |       ||    15
       Call Imp          |    22 |    35 |    27 |     6 ||    90
       Call Canine Famil |    11 |    31 |    37 |    38 ||   117
       Summon Ice Beast  |       |     1 |    70 |   143 ||   214
       Summon Lightning  |       |       |    11 |    46 ||    57
       Summon Guardian G |       |       |       |    13 ||    13
       Aura of Abjuratio |       |       |       |     1 ||     1
Evoke: Wand              |       |       |       |     2 ||     2
  Use: Scroll            |     6 |     5 |     8 |     2 ||    21
       Potion            |       |       |     1 |       ||     1
 Stab: Sleeping          |     3 |       |       |       ||     3
       Distracted        |     1 |       |     4 |     5 ||    10
  Eat: Chunk             |     7 |     9 |    21 |    12 ||    49
       Ration            |       |       |     1 |     3 ||     4
Armor: Robe              |    10 |       |       |       ||    10
       Leather armour    |       |     6 |    39 |       ||    45
       Troll leather arm |       |       |    20 |    56 ||    76
Dodge: Dodged            |    38 |    18 |    88 |   163 ||   307
